 Dungeon Crawl Stone Soup version 0.26-a0-1139-g7d2dc893a1 (webtiles) character file.

Game seed: 8217623142345397896

2251 sahdkjhfkaj the Grappler (level 9, -8/80 HPs)
             Began as a Troll Berserker on Dec 21, 2020.
             Was a Priest of Trog.
             Mangled by an ogre
             ... wielding a +0 giant spiked club
              (17 damage)
             ... on level 7 of the Dungeon.
             The game lasted 00:02:33 (1917 turns).

sahdkjhfkaj the Grappler (Troll Berserker)          Turns: 1917, Time: 00:02:33

Health: -8/80      AC:  6    Str: 27    XL:     9   Next: 15%
Magic:  8/8        EV: 10    Int:  3    God:    Trog [***...]
Gold:   284        SH:  0    Dex: 12    Spells: 8/8 levels left

rFire    . . .     SeeInvis .     - Unarmed
rCold    . . .     Faith    .   (no shield)
rNeg     . . .     Spirit   .   a - +0 animal skin
rPois    .         Reflect  .   (helmet restricted)
rElec    .         Harm     .   (no cloak)
rCorr    .         Rampage  .   (gloves unavailable)
Will     .....                  (boots unavailable)
Stlth    +.........             (no amulet)
HPRegen  0.63/turn              (no ring)
MPRegen  0.11/turn              (no ring)

@: marked, berserk cooldown, slowed, very slow
A: large, unfitting armour, claws 3, regeneration 1, shaggy fur 1, tough skin 3
a: Renounce Religion, Berserk, Trog's Hand


You were on level 7 of the Dungeon.
You worshipped Trog.
Trog was most pleased with you.
You visited 1 branch of the dungeon, and saw 7 of its levels.

You collected 284 gold pieces.

Inventory:

Missiles
 q - a silver boomerang
Armour
 a - a +0 animal skin (worn)
Wands
 h - a wand of iceblast (15)
 o - a wand of flame (24)
Scrolls
 b - 2 scrolls of identify {unknown}
 d - a scroll of amnesia {unknown}
 e - 3 scrolls of magic mapping {unknown}
 g - a scroll of remove curse {unknown}
 i - 2 scrolls of teleportation {unknown}
 j - a scroll of enchant armour {unknown}
 k - a scroll of immolation {unknown}
 m - a scroll of enchant weapon {unknown}
 s - a scroll of noise {unknown}
Potions
 c - 5 potions of curing {unknown}
 f - a potion of attraction {unknown}
 l - a potion of magic {unknown}
 n - 2 potions of flight {unknown}
 p - 4 potions of degeneration {unknown}
 r - a potion of heal wounds {unknown}


   Skills:
 + Level 2.4 Fighting
 - Level 2.4 Dodging
 - Level 12.2 Unarmed Combat


You had 8 spell levels left.
You didn't know any spells.
Your spell library was empty.

Dungeon Overview and Level Annotations

Branches:
Dungeon (7/15)             Temple (0/1) D:5

Altars:
Ashenzari

Shops:
D:4 }=[


Innate Abilities, Weirdness & Mutations

You are too large for most types of armour.
You have claws for hands.
Your natural rate of healing is unusually fast.
You are covered in fur. (AC +1)
You have extremely tough skin. (AC +3)


Message History

You feel yourself slow down.
An adder comes into view.
An adder is nearby!
An adder is nearby!
An ogre comes into view. It is wielding a +0 giant spiked club.
You mangle the adder!!
You kill the adder!
Trog accepts your kill.
Found a viscous emerald potion.
The ogre hits you with a +0 giant spiked club!
* * * LOW HITPOINT WARNING * * *
You barely miss the ogre.
The ogre hits you with a +0 giant spiked club!
* * * LOW HITPOINT WARNING * * *
Unknown command.
Okay, then.
You claw the ogre!
The ogre is heavily wounded.
The ogre hits you with a +0 giant spiked club!
You die...

#... #... ######## #...
#......# ########...
#......# #..........
#.!....# #.#####.###
#......# #.#...#.# #
#######......####.#.<...###
.........O@................
.....##......####.#........
!## #..)...# #.###.##..#
####.######.#...#.#.# ##.##
#...#.......# #...#
#.###....†### #...#
#.#.......### #...#
#.#####...... #...###.#
#.#.##.


You could see an ogre.

Vanquished Creatures
  Harold (D:7)
  Edmund (D:5)
  Duvessa (D:6)
  An orc warrior (D:6)
  2 ogres
  A centaur (D:5)
  Blork the orc (D:5)
  A bullfrog (D:7)
  3 scorpions
  Dowan (D:6)
  5 wights (D:6)
  4 hounds
  3 iguanas
  Natasha (D:2)
  4 worker ants
  5 adders
  3 gnolls (D:6)
  A shadow imp (D:5)
  A white imp (D:6)
  An ufetubus (D:5)
  An adder skeleton (D:5)
  2 worms
  A leopard gecko (D:4)
  9 orcs
  2 giant cockroaches
  4 goblins
  2 hobgoblins
  7 jackals
  4 kobolds
  A quokka (D:5)
  A ball python (D:3)
  3 bats
  2 frilled lizards
  2 quokka zombies (D:5)
  A rat (D:1)
83 creatures vanquished.

Notes
Turn   | Place    | Note
-------+----------+-------------------------------------------
     0 | D:1      | sahdkjhfkaj the Troll Berserker began the quest for the
                  | Orb.
     0 | D:1      | Reached XP level 1. HP: 22/22 MP: 0/0
   122 | D:1      | Reached XP level 2. HP: 29/29 MP: 1/1
   214 | D:2      | Reached skill level 4 in Unarmed Combat
   266 | D:2      | Noticed Natasha
   270 | D:2      | Killed Natasha
   271 | D:2      | Reached XP level 3. HP: 30/36 MP: 2/2
   336 | D:3      | Reached XP level 4. HP: 22/44 MP: 3/3
   366 | D:3      | Reached skill level 5 in Unarmed Combat
   501 | D:3      | Reached ** piety under Trog
   548 | D:4      | Found Epnumech's Jewellery Shop.
   553 | D:4      | Noticed an ogre
   560 | D:4      | Killed an ogre
   561 | D:4      | Reached skill level 6 in Unarmed Combat
   561 | D:4      | Reached XP level 5. HP: 50/50 MP: 4/4
   678 | D:4      | Found Zawn's Armour Emporium.
   825 | D:4      | Found Fasmaaxa's Gadget Boutique.
   895 | D:4      | Found a broken altar of Ashenzari.
   907 | D:4      | Reached XP level 6. HP: 59/59 MP: 5/5
   957 | D:4      | Reached skill level 7 in Unarmed Combat
  1032 | D:5      | Entered Level 5 of the Dungeon
  1065 | D:5      | Noticed Blork the orc
  1067 | D:5      | Found a staircase to the Ecumenical Temple.
  1076 | D:5      | Killed Blork the orc
  1078 | D:5      | Noticed Edmund
  1083 | D:5      | Killed Edmund
  1084 | D:5      | Reached skill level 8 in Unarmed Combat
  1084 | D:5      | Reached XP level 7. HP: 55/66 MP: 6/6
  1188 | D:5      | Reached skill level 9 in Unarmed Combat
  1501 | D:6      | Noticed Dowan
  1507 | D:6      | Killed Dowan
  1523 | D:6      | Noticed Duvessa
  1533 | D:6      | Killed Duvessa
  1534 | D:6      | Reached XP level 8. HP: 74/74 MP: 7/7
  1613 | D:6      | Reached skill level 10 in Unarmed Combat
  1719 | D:6      | Reached *** piety under Trog
  1828 | D:7      | Reached skill level 11 in Unarmed Combat
  1891 | D:7      | Noticed Harold
  1905 | D:7      | Killed Harold
  1906 | D:7      | Reached skill level 12 in Unarmed Combat
  1906 | D:7      | Reached XP level 9. HP: 35/80 MP: 8/8
  1917 | D:7      | Mangled by an ogre

Illustrated notes

Levels and vault maps discovered:
D:1:      kennysheep_arrival_seaside, layout_rooms, chequers_serial_rivers_marsh
D:2:      layout_basic, minmay_tromino_v4_a, uniq_natasha
D:3:      layout_loops_ring
D:4:      layout_basic, evilmike_ruin_ashenzari, serial_shops, shop,
          shop_statue, shop_coins, shop
D:5:      layout_basic, minmay_temple_entry_stoned_glass, uniq_edmund,
          uniq_blork_the_orc
D:6:      layout_rooms, uniq_duvessa
D:7:      kennysheep_six_static_rooms, layout_basic,
          nicolae_dithmenos_through_a_glass_darkly, uniq_harold

Skill      XL: |  1  2  3  4  5  6  7  8 |
---------------+-------------------------+-----
Unarmed Combat | 4 6 8 9 12 | 12.2
Fighting       | |  2.4
Dodging        | |  2.4

Action                   |  1- 3 |  4- 6 |  7- 9 || total
-------------------------+-------+-------+-------++-------
Melee: Unarmed           |    59 |    45 |   117 ||   221
       Punch             |     1 |     2 |     6 ||     9
Invok: Berserk           |       |     1 |     2 ||     3
Armor: Animal skin       |    35 |     7 |    28 ||    70
Dodge: Dodged            |    44 |    19 |    50 ||   113

Table legend: (Time is in decaauts)
 A = Elapsed time spent in this place.
 B = Non-inter-level travel time spent in this place.
 C = Inter-level travel time spent in this place.
 D = Time resting spent in this place.
 E = Time spent auto-exploring this place.
 F = Levels seen in this place.
 G = Mean time per level.
                   A        B        C        D        E       F      G
               +--------+--------+--------+--------+--------+-----+--------+
         Total |   1911 |   1804 |    107 |    131 |   1236 |   7 |  273.0 |
       Dungeon |   1911 |   1804 |    107 |    131 |   1236 |   7 |  273.0 |
               +--------+--------+--------+--------+--------+-----+--------+

Top non-repeatable levels by time:
     D:4: 536 daAuts
     D:5: 493 daAuts
     D:6: 267 daAuts
     D:3: 221 daAuts
     D:2: 142 daAuts
     D:1: 138 daAuts
     D:7: 112 daAuts
